 Dungeon Crawl Stone Soup version 0.27.1-33-g824d729ab1 (webtiles) character file.

Game seed: 14873316750462704107

56 austinbyrn the Shield-Bearer (level 3, -1/24 HPs)
             Began as a Gargoyle Fighter on Dec 22, 2021.
             Slain by a kobold (3 damage)
             ... on level 1 of the Dungeon.
             The game lasted 00:02:11 (1326 turns).

austinbyrn the Shield-Bearer (Gargoyle Fighter)     Turns: 1326, Time: 00:02:12

Health: -1/24      AC: 10    Str: 20    XL:     3   Next: 97%
Magic:  3/3        EV:  7    Int:  8    God:
Gold:   44         SH:  9    Dex:  9    Spells: 2/2 levels left

rFire    . . .     SeeInvis .   a - +0 flail
rCold    . . .     Faith    .   c - +0 kite shield
rNeg     + . .     Spirit   .   b - +0 scale mail
rPois    ∞         Reflect  .   (no helmet)
rElec    +         Harm     .   (no cloak)
rCorr    .         Rampage  .   (no gloves)
Will     .....                  (no boots)
Stlth    ..........             (no amulet)
HPRegen  0.08/turn              (no ring)
MPRegen  0.08/turn              (no ring)

@: mighty
A: sickness immunity, AC +3, negative energy resistance 1, electricity
resistance, torment resistance 1, petrification resistance
a: no special abilities


You were on level 1 of the Dungeon.
You visited 1 branch of the dungeon, and saw 2 of its levels.

You collected 44 gold pieces.

Inventory:

Hand Weapons
 a - a +0 flail (weapon)
Missiles
 g - 32 poisoned darts (quivered)
Armour
 b - a +0 scale mail (worn)
 c - a +0 kite shield (worn)
Scrolls
 e - a scroll of enchant armour {unknown}
 f - a scroll of amnesia {unknown}
 i - a scroll of torment {unknown}
Potions
 d - a potion of might
 h - a potion of experience {unknown}


   Skills:
 + Level 3.8 Fighting
 * Level 3.2 Maces & Flails
 - Level 3.2 Armour
 + Level 3.8 Shields


You had 2 spell levels left.
You didn't know any spells.
Your spell library contained the following spells:

 Spells                   Type           Power      Damage    Failure   Level
 Portal Projectile        Hex/Tloc       0%         N/A       100%        3
 Blade Hands              Tmut           0%         N/A       100%        5
 Excruciating Wounds      Necr           0%         N/A       100%        5


Dungeon Overview and Level Annotations

Branches:
Dungeon (2/15)

Altars:

Annotations:
D:1 Natasha


Innate Abilities, Weirdness & Mutations

You are immune to sickness and miasma.
Your stone body is resilient. (AC +3)
You are immune to poison.
You resist negative energy. (rN+)
You are resistant to electric shocks. (rElec)
You are resistant to unholy torment.
You are immune to petrification.


Message History

You climb upwards.
There is a stone staircase leading down here.
You barely miss Natasha. You block the bat's attack.
The bat hits you but does no damage. Natasha claws you but does no damage.
The kobold closely misses you. You block the bat's attack.
The goblin hits you but does no damage.
You closely miss Natasha. The bat hits you. You block the bat's attack.
Natasha claws you! The kobold closely misses you.
The goblin hits you with a +0 dagger. The bat barely misses you.
Natasha growls.
Natasha stares at you and mumbles some strange words.
The magic dart hits you but does no damage.
The kobold hits you with a +0 dagger. You block the goblin's attack.
You feel very mighty all of a sudden. The bat barely misses you.
You block the bat's attack. Natasha barely misses you.
The kobold barely misses you. The goblin hits you with a +0 dagger.
You closely miss the kobold. You block the bat's attack. Natasha claws you.
You block the kobold's attack. The goblin hits you but does no damage.
You closely miss Natasha. The bat hits you but does no damage.
Natasha claws you but does no damage. The kobold barely misses you.
You block the goblin's attack. The kobold closely misses you.
Natasha mumbles some strange words.
You closely miss Natasha. The bat hits you but does no damage.
You block the goblin's attack. You block Natasha's attack.
The kobold hits you but does no damage. The goblin hits you but does no damage.
The bat hits you but does no damage.
You barely miss Natasha. The bat barely misses you. You block Natasha's attack.
The kobold hits you but does no damage. The goblin closely misses you.
The bat hits you but does no damage. You block Natasha's attack.
The kobold hits you but does no damage.
You sock Natasha!
Natasha is almost dead.
You block the bat's attack. The bat hits you but does no damage.
The goblin hits you but does no damage. Natasha casts a spell at you.
The magic dart hits you!
* * * LOW HITPOINT WARNING * * *
The kobold hits you with a +0 dagger.
You die...

#.# ###....# #.#
#....# #.# #.####
#.# #.# #.# #.# #.#
#.#
#########.#####.####
...............hK..#
.####...#)....5b@g.#
.###.....#########.#
.##.......#### #.#
.............# #.#
..#.......##.#####.#
.###.....###...†...#
.# ##...## #######.#
.# ##.## #.# ##
#.###########.#


You could see an iron imp (summoned), Natasha, a goblin, a bat and a kobold.

Vanquished Creatures
  A gnoll (D:1)
  An adder (D:2)
  A dart slug (D:2)
  5 ball pythons
  5 endoplasms
  A giant cockroach (D:1)
  5 goblins (D:1)
  2 hobgoblins (D:1)
  5 kobolds (D:1)
  A quokka (D:1)
  2 bats (D:1)
  2 frilled lizards (D:1)
  A rat (D:1)
32 creatures vanquished.

Notes
Turn   | Place    | Note
-------+----------+-------------------------------------------
     0 | D:1      | austinbyrn the Gargoyle Fighter began the quest for the
                  | Orb.
     0 | D:1      | Reached XP level 1. HP: 14/14 MP: 1/1
   281 | D:1      | Reached XP level 2. HP: 19/19 MP: 2/2
   590 | D:1      | Reached XP level 3. HP: 23/23 MP: 3/3
   953 | D:2      | Found a faded altar of an unknown god.
  1316 | D:2      | Noticed Natasha
  1326 | D:1      | Slain by a kobold

Illustrated notes

Levels and vault maps discovered:
D:1:      arrival_zaba_pyramid, layout_loops_ring
D:2:      layout_basic, hellmonk_ecumenical_altar_leap_of_faith, basic_altar,
          uniq_natasha, uniq_sigmund, uniq_robin

Skill      XL: |  1  2  3 |
---------------+----------+-----
Maces & Flails | 3 |  3.2
Fighting       | |  3.8
Armour         | |  3.2
Shields        | |  3.8

Action                   || total
-------------------------++-------
Melee: Flail             ||   101
Throw: Dart              ||     4
  Use: Potion            ||     1
Armor: Scale mail        ||    72
Dodge: Dodged            ||    35
Block: Kite shield       ||    71
